 Dungeon Crawl Stone Soup version 0.21.1-1-g345015f (webtiles) character file.

88 Iko the Vexing (level 4, -8/34 HPs)
             Began as a Gnoll Arcane Marksman on June 12, 2018.
             Killed from afar by an orc wizard (13 damage)
             ... with a puff of flame
             ... on level 3 of the Dungeon.
             The game lasted 00:04:56 (414 turns).

Iko the Vexing (Gnoll Arcane Marksman)               Turns: 414, Time: 00:04:56

Health: -8/34      AC:  4    Str: 13    XL:     4   Next: 53%
Magic:  8/8        EV: 14    Int: 17    God:
Gold:   22         SH:  4    Dex: 14    Spells: 8/9 levels left

rFire    . . .     SeeInvis .   a - +0 hand crossbow
rCold    . . .     Gourm    .   (no shield)
rNeg     . . .     Faith    .   e - +0 robe
rPois    .         Spirit   .   (no helmet)
rElec    .         Reflect  .   (no cloak)
rCorr    .         Harm     .   (no gloves)
MR       +....                  (no boots)
Stlth    ++........             (no amulet)
HPRegen  0.11/turn              j - ring of protection from magic
MPRegen  0.11/turn              (no ring)

@: no status effects
A: distributed training, fangs 1, large bone plates 1, thin metallic scales 1,
clever 1, clumsy 1, strong nose
a: no special abilities


You were on level 3 of the Dungeon.
You were not hungry.

You visited 1 branch of the dungeon, and saw 3 of its levels.

You collected 22 gold pieces.

Inventory:

Hand Weapons
 a - a +0 hand crossbow (weapon)
 b - a +1 dagger of venom
Missiles
 d - 2 bolts (quivered)
Armour
 e - a +0 robe (worn)
Jewellery
 j - a ring of protection from magic (left hand)
Wands
 h - a wand of iceblast (14)
Potions
 g - a potion of ambrosia {unknown}
 i - a potion of curing {unknown}
Books
 c - a book of Debilitation

   Spells                             Type                      Level
   a - Corona                         Hexes                        1
   b - Slow                           Hexes                        2
   c - Inner Flame                    Hexes/Fire                   3
   d - Portal Projectile              Hexes/Translocation          3
   e - Cause Fear                     Hexes                        4
   f - Leda's Liquefaction            Hexes/Earth                  4
Comestibles
 f - 2 rations


   Skills:
 + Level 2.7 Fighting
 + Level 1.1 Short Blades
 + Level 1.1 Long Blades
 + Level 1.1 Axes
 + Level 1.1 Maces & Flails
 + Level 1.1 Polearms
 + Level 1.1 Staves
 + Level 1.1 Slings
 + Level 1.1 Bows
 + Level 4.6 Crossbows
 + Level 1.1 Throwing
 + Level 1.1 Armour
 + Level 4.6 Dodging
 + Level 1.1 Stealth
 + Level 1.1 Shields
 + Level 1.1 Unarmed Combat
 + Level 3.0 Spellcasting
 + Level 0.9 Conjurations
 + Level 5.4 Hexes
 + Level 0.9 Charms
 + Level 0.9 Summonings
 + Level 0.9 Necromancy
 + Level 0.9 Translocations
 + Level 0.9 Transmutations
 + Level 0.9 Fire Magic
 + Level 0.9 Ice Magic
 + Level 0.9 Air Magic
 + Level 0.9 Earth Magic
 + Level 0.9 Poison Magic
 + Level 1.2 Invocations
 + Level 1.1 Evocations


You had 8 spell levels left.
You knew the following spells:

 Your Spells              Type           Power        Failure   Level  Hunger
a - Corona                Hex            ###....      1%          1    None


Dungeon Overview and Level Annotations

Branches:
Dungeon (3/15)

Altars:


Innate Abilities, Weirdness & Mutations

Your experience applies equally to all skills.
You have very sharp teeth.
Your uncanny sense of smell can sniff out nearby items.
You are partially covered in large bone plates. (SH +4)
You are partially covered in thin metallic scales. (AC +2)
Your mind is acute. (Int +2)
You are clumsy. (Dex -2)


Message History

Press: ? - help, Shift-Dir - straight line, f/p - orc priest
Aim: an orc priest, wielding a trident and wearing a scale mail (severely wounded)
You shoot a bolt. The bolt barely misses the orc priest.
Firing (i - inventory):
d - 4 bolts (quivered)
Press: ? - help, Shift-Dir - straight line, f/p - orc priest
Aim: an orc priest, wielding a trident and wearing a scale mail (severely wounded)
You shoot a bolt. The bolt hits the orc priest.
The orc priest is severely wounded.
The orc priest hits you from afar with a trident.
* * * LOW HITPOINT WARNING * * *
You hear some strange, mumbled words.
Firing (i - inventory):
d - 3 bolts (quivered)
Press: ? - help, Shift-Dir - straight line, f/p - orc priest
Aim: an orc priest, wielding a trident and wearing a scale mail (severely wounded)
You shoot a bolt. The bolt hits the orc priest!
You kill the orc priest!
Your Spellcasting skill increases to level 3!
A puff of flame appears from out of thin air!
The puff of flame hits you!
You die...

..##.###.##...# ###.#..#
##...###...#####.#..#
#######......[....#.#..#
..............###.#.#..##
##.####..###.....†...†...
#..# #...........## #..#
#.####.#.#### #..# #.#
#.#... ∆ #.@# #.# #.#####
..(S()..# #.# #.#
######.## #.# #.# ... #.#
##.# #. #. ##


You could see an adder.

Vanquished Creatures
  An orc priest (D:3)
  Ijyb (D:3)
  3 worms
  2 dart slugs (D:2)
  A leopard gecko (D:3)
  An orc (D:3)
  2 goblins (D:2)
  2 hobgoblins
  A quokka (D:2)
  A ball python (D:2)
  A bat (D:2)
  2 frilled lizards
  3 kobolds
  4 rats
25 creatures vanquished.

Notes
Turn   | Place    | Note
-------+----------+-------------------------------------------
     0 | D:1      | Iko the Gnoll Arcane Marksman began the quest for the Orb.
     0 | D:1      | Reached XP level 1. HP: 17/17 MP: 4/4
    83 | D:2      | Reached XP level 2. HP: 19/23 MP: 5/5
   199 | D:2      | Gained mutation: You are clumsy. (Dex -2) [potion of mutation]
   199 | D:2      | Gained mutation: Your mind is acute. (Int +2) [potion of mutation]
   199 | D:2      | Gained mutation: You are partially covered in thin metallic scales. (AC +2) [potion of mutation]
   199 | D:2      | Gained mutation: You are partially covered in large bone plates. (SH +4) [potion of mutation]
   313 | D:3      | Noticed Ijyb
   326 | D:3      | Killed Ijyb
   326 | D:3      | Reached skill level 1 in Invocations
   326 | D:3      | Reached XP level 3. HP: 22/28 MP: 7/7
   361 | D:3      | Reached skill level 1 in Short Blades
   361 | D:3      | Reached skill level 1 in Long Blades
   361 | D:3      | Reached skill level 1 in Axes
   361 | D:3      | Reached skill level 1 in Maces & Flails
   361 | D:3      | Reached skill level 1 in Polearms
   361 | D:3      | Reached skill level 1 in Staves
   361 | D:3      | Reached skill level 1 in Slings
   361 | D:3      | Reached skill level 1 in Bows
   361 | D:3      | Reached skill level 1 in Throwing
   361 | D:3      | Reached skill level 1 in Armour
   361 | D:3      | Reached skill level 1 in Stealth
   361 | D:3      | Reached skill level 1 in Shields
   361 | D:3      | Reached skill level 1 in Unarmed Combat
   361 | D:3      | Reached skill level 1 in Evocations
   391 | D:3      | Reached XP level 4. HP: 8/34 MP: 8/8
   414 | D:3      | Killed from afar by an orc wizard

Skill      XL: |  1  2  3  4 |
---------------+-------------+-----
Invocations    | 1 |  1.2
Short Blades   | 1 |  1.1
Long Blades    | 1 |  1.1
Axes           | 1 |  1.1
Maces & Flails | 1 |  1.1
Polearms       | 1 |  1.1
Staves         | 1 |  1.1
Slings         | 1 |  1.1
Bows           | 1 |  1.1
Throwing       | 1 |  1.1
Armour         | 1 |  1.1
Stealth        | 1 |  1.1
Shields        | 1 |  1.1
Unarmed Combat | 1 |  1.1
Evocations     | 1 |  1.1
Spellcasting   | 3 |  3.0
Fighting       | |  2.7
Crossbows      | |  4.6
Dodging        | |  4.6
Conjurations   | |  0.9
Hexes          | |  5.4
Charms         | |  0.9
Summonings     | |  0.9
Necromancy     | |  0.9
Translocations | |  0.9
Transmutations | |  0.9
Fire Magic     | |  0.9
Ice Magic      | |  0.9
Air Magic      | |  0.9
Earth Magic    | |  0.9
Poison Magic   | |  0.9

Action                   |  1- 3 |  4- 6 || total
-------------------------+-------+-------++-------
Melee: Dagger            |    25 |       ||    25
       Bite              |     3 |       ||     3
       Club              |     2 |       ||     2
 Fire: Hand crossbow     |    53 |     8 ||    61
  Use: Scroll            |     2 |       ||     2
       Potion            |     1 |       ||     1
Armor: Robe              |     3 |       ||     3
Dodge: Dodged            |    26 |       ||    26
Block: Other             |     9 |       ||     9
